 Dungeon Crawl Stone Soup version 0.30-b1-2-g02819fbbbe (webtiles) character file.

Game seed: 5297286567863541687

389 Alarkh the Digger (level 6, -4/36 HPs)
             Began as a Demonspawn Earth Elementalist on May 30, 2023.
             Was a Believer of Uskayaw.
             Slain by an orc warrior
             ... wielding a +0 dire flail
              (16 damage)
             ... on level 4 of the Dungeon.
             The game lasted 00:05:25 (3451 turns).

Alarkh the Digger (Demonspawn Earth Elementalist)   Turns: 3451, Time: 00:05:26

Health: -4/36      AC:  5    Str:  8    XL:     6   Next: 49%
Magic:  7/12       EV: 17    Int: 18    God:    Uskayaw [**....]
Gold:   182        SH:  0    Dex: 14    Spells: 9/13 levels left

rFire   . . .        d - +1 dagger
rCold   . . .        (no shield)
rNeg    . . .        a - +0 robe
rPois   +            r - +0 helmet
rElec   .            (no cloak)
rCorr   .            (no gloves)
SInv    .            (no boots)
Will    .....        (no amulet)
Stlth   ++           q - ring of poison resistance
HPRegen 0.26/turn    t - +5 ring of evasion
MPRegen 0.13/turn

%: no passive effects
@: no status effects
A: thin metallic scales 1, powered by death 1, weakness stinger 2, frail 1
a: Renounce Religion, Stomp, Line Pass


You were on level 4 of the Dungeon.
You worshipped Uskayaw.
Uskayaw was noncommittal.
You visited 2 branches of the dungeon, and saw 5 of its levels.

You collected 182 gold pieces.

Inventory:

Hand Weapons
 d - a +1 dagger (weapon)
Missiles
 s - 2 throwing nets
Armour
 a - a +0 robe (worn)
 r - a +0 helmet (worn)
Jewellery
 q - a ring of poison resistance (left hand)
 t - a +5 ring of evasion (right hand)
 w - a ring of see invisible
Scrolls
 g - a scroll of poison
 i - a scroll of amnesia
 k - a scroll of identify {unknown}
 l - 2 scrolls of fog
 o - a scroll of vulnerability {unknown}
 p - a scroll of enchant weapon
 u - a scroll of immolation {unknown}
Potions
 c - a potion of mutation
 f - 2 potions of brilliance
 h - a potion of cancellation
 j - a potion of lignification {unknown}
 m - a potion of curing {unknown}
 n - a potion of attraction {unknown}
 v - a potion of berserk rage {unknown}


   Skills:
 - Level 1.7 Dodging
 - Level 1.7 Stealth
 + Level 4.0 Spellcasting
 - Level 0.8 Transmutations
 * Level 5.7 Earth Magic


You had 9 spell levels left.
You knew the following spells:

 Your Spells              Type           Power      Damage    Failure   Level
a - Sandblast             Erth           48%        2d12      1%          1
b - Stone Arrow           Conj/Erth      26%        3d8       14%         3

Your spell library contained the following spells:

 Spells                   Type           Power      Damage    Failure   Level
 Passwall                 Tmut/Erth      12%        N/A       6%          2
 Petrify                  Tmut/Erth      15%        N/A       36%         4
 Gell's Gravitas          Tloc           3%         N/A       41%         3
 Teleport Other           Tloc           3%         N/A       41%         3
 Iskenderun's Battlesphe  Conj           3%         2d6       99%         5
 Dispersal                Tloc           1%         N/A       100%        6
 Iron Shot                Conj/Erth      6%         9d2       100%        6
 Spellforged Servitor     Conj/Summ      1%         N/A       100%        7


Dungeon Overview and Level Annotations

Branches:
Dungeon (4/15)             Temple (1/1) D:4

Altars:
Ashenzari
Cheibriados
Fedhas
Gozag
Hepliaklqana
Nemelex Xobeh
Okawaru
Qazlal
Ru
Sif Muna
Uskayaw
Vehumet
Wu Jian
Yredelemnul

Annotations:
D:3 exclusion: steam dragon
D:4 2 transporters, Alarkh's ghost, weakling DsDe


Innate Abilities, Weirdness & Mutations

You are partially covered in thin metallic scales. (AC +2)
You regenerate a little health from kills.
You have a tail ending in a sharp stinger.
You are frail. (-10% HP)


Message History

Confirm with . or Enter, or press ? or * to list all spells.
Aiming: Sandblast (safe; 1% risk of failure)
Press: ? - help, Shift-Dir - straight line, f/p - orc warrior
Aim: an orc warrior, wielding a +0 dire flail and wearing a +0 chain mail (almost dead, 81% to hit)
The blast of sand hits the orc warrior but does no damage.
The orc warrior is almost dead.
The orc warrior hits you with a +0 dire flail.
The orc warrior hits you with a +0 dire flail!
Casting: Sandblast (safe; 1% risk of failure)
Confirm with . or Enter, or press ? or * to list all spells.
Aiming: Sandblast (safe; 1% risk of failure)
Press: ? - help, Shift-Dir - straight line, f/p - orc warrior
Aim: an orc warrior, wielding a +0 dire flail and wearing a +0 chain mail (almost dead, 81% to hit)
The blast of sand misses the orc warrior.
The orc warrior closely misses you.
Casting: Sandblast (safe; 1% risk of failure)
Confirm with . or Enter, or press ? or * to list all spells.
Aiming: Sandblast (safe; 1% risk of failure)
Press: ? - help, Shift-Dir - straight line, f/p - orc warrior
Aim: an orc warrior, wielding a +0 dire flail and wearing a +0 chain mail (almost dead, 81% to hit)
The blast of sand hits the orc warrior but does no damage.
The orc warrior is almost dead.
The orc warrior closely misses you. x2
Casting: Sandblast (safe; 1% risk of failure)
Confirm with . or Enter, or press ? or * to list all spells.
Aiming: Sandblast (safe; 1% risk of failure)
Press: ? - help, Shift-Dir - straight line, f/p - orc warrior
Aim: an orc warrior, wielding a +0 dire flail and wearing a +0 chain mail (almost dead, 81% to hit)
The blast of sand misses the orc warrior.
The orc warrior misses you.
Unknown command.
Casting: Sandblast (safe; 1% risk of failure)
Confirm with . or Enter, or press ? or * to list all spells.
Aiming: Sandblast (safe; 1% risk of failure)
Press: ? - help, Shift-Dir - straight line, f/p - orc warrior
Aim: an orc warrior, wielding a +0 dire flail and wearing a +0 chain mail (severely wounded, 81% to hit)
The blast of sand hits the orc warrior but does no damage.
The orc warrior is severely wounded.
The orc warrior hits you with a +0 dire flail!
You die...

##...o.##.#~~~~~.. #....##....#
.#...#.##~~~~~≈~~.. #######....#
....o######~~~≈~~~~# #.....###...
.....# ###≈###### K......))..
.....# ## #####....)) ...#######
.. ###~≈≈######. ...#.....###
.######~~~≈~~~~.#..
...........#####...~~~~~~~~~.....
....#.......)..o@......~~~.......
.............#....<..............
##########.............#.........
............#.........###........
.#...#...#..##.......###........§
...........#.#..............≈.≈≈≈
.#...#...#..................≈...§
............<.#.#...........≈.§..
###########.....#...........≈.≈._


You could see an orc warrior.

Vanquished Creatures
  A scorpion (D:4)
  2 sleepcaps (D:4)
  Natasha (D:3)
  3 orc wizards
  Robin (D:3)
  3 gnolls
  4 adders
  2 worms
  4 dart slugs
  8 orcs
  5 endoplasms
  5 giant cockroaches
  14 goblins
  5 hobgoblins
  2 jackals (D:3)
  8 kobolds
  2 quokkas (D:1)
  5 ball pythons
  4 bats
  A frilled lizard (D:1)
  7 rats
87 creatures vanquished.

Vanquished Creatures (others)
  12 fungi (D:3)
  5 plants (D:3)
17 creatures vanquished.

Grand Total: 104 creatures vanquished

Notes
Turn   | Place    | Note
-------+----------+-------------------------------------------
     0 | D:1      | Alarkh the Demonspawn Earth Elementalist began the quest
                  | for the Orb.
     0 | D:1      | Reached XP level 1. HP: 13/13 MP: 3/3
    64 | D:1      | Reached skill level 3 in Earth Magic
   104 | D:1      | Gained mutation: You have a small tail. [demonic ancestry]
   104 | D:1      | Reached XP level 2. HP: 19/19 MP: 1/5
   452 | D:1      | Reached XP level 3. HP: 24/24 MP: 4/6
  1359 | D:2      | Learned a level 3 spell: Stone Arrow
  1371 | D:2      | Reached skill level 4 in Earth Magic
  1371 | D:2      | Gained mutation: You regenerate a little health from kills.
                  | [demonic ancestry]
  1371 | D:2      | Reached XP level 4. HP: 30/30 MP: 3/8
  1856 | D:3      | Noticed Natasha
  2093 | D:3      | Found a blossoming altar of Fedhas.
  2103 | D:3      | Noticed Robin
  2114 | D:3      | Killed Robin
  2216 | D:3      | Noticed a steam dragon
  2348 | D:3      | Gained mutation: You have a tail ending in a sharp stinger.
                  | [demonic ancestry]
  2348 | D:3      | Reached XP level 5. HP: 23/35 MP: 6/9
  2513 | D:3      | Found an iron altar of Okawaru.
  2650 | D:3      | Killed Natasha
  2651 | D:3      | Reached skill level 5 in Earth Magic
  2825 | D:4      | Noticed an orc warrior
  2868 | D:4      | Gained mutation: You are partially covered in thin metallic
                  | scales. (AC +2) [demonic ancestry]
  2868 | D:4      | Reached XP level 6. HP: 36/41 MP: 4/11
  2981 | D:4      | Found a snail-covered altar of Cheibriados.
  3063 | D:4      | Found a transporter.
  3073 | D:4      | Noticed Alarkh's ghost (weakling DsDe)
  3092 | D:4      | Found a transporter.
  3178 | D:4      | Found a staircase to the Ecumenical Temple.
  3190 | Temple   | Entered the Ecumenical Temple
  3343 | Temple   | Became a worshipper of Uskayaw the Reveller
  3388 | D:4      | Reached * piety under Uskayaw
  3438 | D:4      | HP: 2/41 [orc warrior/+0 dire flail (10)]
  3439 | D:4      | Gained mutation: You are frail. (-10% HP) [potion of
                  | mutation]
  3446 | D:4      | Reached ** piety under Uskayaw
  3451 | D:4      | Slain by an orc warrior

Illustrated notes

Levels and vault maps discovered:
D:1:      heliophobic_arrival_enchanted_forest, layout_basic, minmay_bisected
D:2:      layout_loops_cross, basic_altar, minmay_circle_x
D:3:      layout_basic, fedhas_altar_3, mainiacjoe_overflow_surrounded_room,
          st_stairs_11, grunt_decor_resistance, uniq_natasha, uniq_robin
D:4:      cheibrodos_thug_alley, layout_cave_pools,
          mainiacjoe_overflow_cross_hatched, lemuel_coloured_pillars_altar,
          minmay_temple_entry_mist, gammafunk_ghost_arena,
          corexii_item_surrounded_by_moat, kennysheep_generic_room_16
Temple:   nicolae_temple_godzebo

Skill      XL: |  1  2  3  4  5  6 |
---------------+-------------------+-----
Earth Magic    | 3 4 5 |  5.7
Spellcasting   | 3 4 |  4.0
Dodging        | |  1.7
Stealth        | |  1.7
Transmutations | |  0.8

Action                     |  1- 3 |  4- 6 || total
---------------------------+-------+-------++-------
  Melee: Dagger            |     5 |     7 ||    12
         Tailslap          |     1 |     1 ||     2
   Cast: Sandblast         |    52 |    99 ||   151
         Stone Arrow       |       |     3 ||     3
    Use: Scroll            |       |     4 ||     4
         Potion            |       |     5 ||     5
   Stab: Sleeping          |       |     1 ||     1
 Armour: Robe              |     4 |    12 ||    16
  Dodge: Dodged            |    15 |    54 ||    69
